 Dungeon Crawl Stone Soup version 0.18.1-48-g4cf74bf (webtiles) character file.

56 MistressOfTheDunes the Insei (level 3, -4/29 HPs)
             Began as a Mummy Monk on July 18, 2016.
             Slain by an adder (5 damage)
             ... on level 2 of the Dungeon.
             The game lasted 00:01:09 (1413 turns).

MistressOfTheDunes the Insei (Mummy Monk)           Turns: 1413, Time: 00:01:09

Health: -4/29      AC:  0    Str: 14    XL:     3   Next: 69%
Magic:  3/3        EV: 13    Int:  9    God:
Gold:   43         SH:  0    Dex: 15    Spells: 0 memorised, 2 levels left

rFire  x . .     SeeInvis .       - Unarmed
rCold  + . .     Gourm    .     (no armour)
rNeg   + + +     Faith    .     (no shield)
rPois  ∞         Spirit   .     (no helmet)
rElec  .         Dismiss  .     (no cloak)
rCorr  .         Reflect  .     (no gloves)
SustAt .         Harm     .     (no boots)
MR     .....                    (no amulet)
Stlth  ++........               (no ring)
                                (no ring)

@: not resistant to hostile enchantments, unstealthy
A: no food or potions, fire vulnerability, cold resistance 1, negative energy
resistance 3, torment resistance, unbreathing
a: no special abilities


You were on level 2 of the Dungeon.
You were not hungry.

You visited 1 branch of the dungeon, and saw 2 of its levels.

You collected 43 gold pieces.


Innate Abilities, Weirdness & Mutations

You do not eat or drink.
Your flesh is vulnerable to fire.
You are immune to poison.
Your flesh is cold resistant.
You are immune to negative energy.
You are immune to unholy pain and torment.
You can survive without breathing.


   Skills:
 - Level 3.0 Fighting
 - Level 2.4 Dodging
 - Level 1.5 Stealth
 + Level 4.4 Unarmed Combat


You had 2 spell levels left.
You didn't know any spells.

Inventory:

Scrolls
 a - 2 scrolls of teleportation {unknown}
 b - a scroll of enchant armour {unknown}
 c - a scroll of enchant weapon {unknown}
 d - a scroll of amnesia {unknown}
 e - 2 scrolls of remove curse {unknown}
 f - 2 scrolls of identify {unknown}

Dungeon Overview and Level Annotations

Branches:
Dungeon (2/15)

Altars:
Xom

▒▒▒▒▒▒▒▒▒ ▒▒▒▒▒▒▒▒
▒.S.....▒ ▒.▒▒...▒
▒▒▒▒M▒▒ .....▒.▒
▒.....▒▒ ▒.▒▒...▒
▒.▒.....▒
▒.▒▒▒.▒▒▒▒▒▒▒.▒...▒.▒
▒.▒ ▒.............▒.▒
▒)▒ ▒▒▒▒▒▒▒▒▒.▒▒.....
..▒ ▒.....▒▒▒▒ ..▒
▒▒▒▒▒>▒ ..▒ ▒▒▒▒▒▒▒
.▒


You could see an adder.


Message History

You are too injured to fight recklessly!!!
You are too injured to fight recklessly!!!
You are too injured to fight recklessly!!!
You are too injured to fight recklessly!!!
You are too injured to fight recklessly!!!
You are too injured to fight recklessly!!!
You closely miss the adder! The adder bites you!
You barely miss the adder! The adder misses you!
You closely miss the adder! The adder bites you! * * * don't die
* * * You squash the adder like an ant!
The adder is moderately wounded!
The adder completely misses you!
You squash the adder but do no damage!
The adder is moderately wounded!
The adder bites you! * * * don't die
* * * You beat the adder but do no damage!
The adder is moderately wounded!
The adder bites you! * * * don't die
* * * The adder bites you! * * * don't die
* * * You squash the adder like an ant!
The adder is severely wounded!
The adder misses you!
You squash the adder like an ant!
The adder is severely wounded!
The adder bites you! rip

Action                   || total
-------------------------++-------
Melee: Unarmed           ||   116
       Punch             ||     3
 Stab: Sleeping          ||     3
Dodge: Dodged            ||    73

Vault maps used:
D:1:      minmay_arrival_checkered_box, serial_glass, glass_columns_a,
          glass_columns_c, glass_columns_a, glass_columns_a, glass_columns_b,
          glass_columns_a, glass_columns_b, glass_columns_b,
          supply_closet_lemuel, xom_teletrap_fun

Notes
Turn   | Place    | Note
--------------------------------------------------------------
     0 | D:1      | MistressOfTheDunes the Mummy Monk began the quest for the Orb.
     0 | D:1      | Reached XP level 1. HP: 18/18 MP: 1/1
   257 | D:1      | Reached XP level 2. HP: 19/24 MP: 2/2
   583 | D:1      | Reached skill level 4 in Unarmed Combat
   585 | D:1      | Found a shimmering altar of Xom.
   797 | D:2      | Reached XP level 3. HP: 21/29 MP: 3/3
  1411 | D:2      | HP: 1/29 [adder (5)]
  1413 | D:2      | Slain by an adder

Vanquished Creatures
  2 adders (D:2)
  An ooze (D:1)
  A dart slug (D:1)
  2 giant geckos (D:2)
  A ball python (D:1)
  2 giant cockroaches
  3 goblins (D:1)
  4 hobgoblins (D:1)
  2 kobolds (D:1)
  A quokka (D:2)
  2 giant newts
  9 rats
30 creatures vanquished.
